 Dungeon Crawl Stone Soup version 0.31.0-11-ge490571c62 (webtiles) character file.

Game seed: 3799802630434653396

206 qw the Skirmisher (level 5, 0/29 HPs)
             Began as a Deep Elf Hunter on Feb 3, 2024.
             Incinerated by a bombardier beetle (4 damage)
             ... with a burning spray
             ... on level 3 of the Dungeon.
             The game lasted 00:00:09 (1872 turns).

qw the Skirmisher (Deep Elf Hunter)                 Turns: 1872, Time: 00:00:10

Health: 0/29       AC:  6    Str: 10    XL:     5   Next: 53%
Magic:  7/7        EV: 11    Int: 14    God:
Gold:   150        SH:  5    Dex: 18    Spells: 4/4 levels left

rFire   . . .        a - +0 shortbow (freeze)
rCold   . . .        (shield currently unavailable)
rNeg    . . .        h - +0 ring mail
rPois   .            i - +0 helmet
rElec   .            (no cloak)
rCorr   .            (no gloves)
SInv    .            (no boots)
Will    .....        o - amulet of reflection
Stlth   +            (no ring)
HPRegen 0.24/turn    (no ring)
MPRegen 0.10/turn

%: reflection
@: on fire, glowing
A: no striking features
a: no special abilities


You were on level 3 of the Dungeon.
You visited 1 branch of the dungeon, and saw 3 of its levels.

You collected 150 gold pieces.


   Skills:
 + Level 1.5 Fighting
 - Level 9.1 Ranged Weapons
 - Level 2.4 Dodging
 - Level 1.2 Stealth


You had 4 spell levels left.
You didn't know any spells.
Your spell library was empty.

Inventory:

Hand Weapons
 a - a +0 shortbow of freezing (weapon)
Armour
 h - a +0 ring mail (worn)
 i - a +0 helmet (worn)
Jewellery
 k - a ring of fire
 o - an amulet of reflection (around neck)
Wands
 d - a wand of flame (4)
 j - a wand of mindburst (14)
Scrolls
 b - a scroll of enchant armour {unknown}
 e - 2 scrolls of teleportation
 g - 3 scrolls of fear {unknown}
Potions
 c - 4 potions of might
 f - a potion of curing
 l - a potion of magic {unknown}
 q - a potion of mutation {unknown}

Dungeon Overview and Level Annotations

Branches:
Dungeon (3/15)

Altars:


Message History

The bombardier beetle is moderately wounded.
You shoot an arrow. The arrow hits the bombardier beetle.
The arrow freezes the bombardier beetle.
The bombardier beetle is heavily wounded.
The bombardier beetle sprays incendiary fluid at you.
The burning spray misses you.
You shoot an arrow.
The arrow hits the bombardier beetle but does no damage.
The bombardier beetle is heavily wounded.
You shoot an arrow. The arrow hits the bombardier beetle.
The arrow freezes the bombardier beetle.
The bombardier beetle is severely wounded.
You shoot an arrow.
The arrow barely misses the bombardier beetle.
The bombardier beetle sprays incendiary fluid at you.
The burning spray hits you.
You are covered in liquid fire!
You shoot an arrow.
The arrow hits the bombardier beetle but does no damage.
The bombardier beetle is severely wounded.
The liquid fire burns you!
You shoot an arrow.
The arrow closely misses the bombardier beetle.
The liquid fire burns you!
You shoot an arrow. The arrow hits the bombardier beetle.
The arrow freezes the bombardier beetle.
The bombardier beetle is almost dead.
The liquid fire burns you!
You shoot an arrow. The arrow hits the bombardier beetle.
The arrow freezes the bombardier beetle.
You kill the bombardier beetle!
The liquid fire burns you!
Your Ranged Weapons skill increases to level 9!
You are on fire!
The liquid fire burns you!
You are on fire!
The liquid fire burns you!
You are on fire!
The liquid fire burns you!
You die...

#....#...#..###+#####
..
#....#...##.##....# .
#....'.......'....#
#....######..#....#
###### #.......' ####
#.......# . ...
###...#####
....##.##.....####
.......@'........+
[....#.##....#####
... #. #....# . #.
#....# #. #....# #.
#....# #. ###### #.


There were no monsters in sight!

Vanquished Creatures
  2 bombardier beetles (D:3)
  Ijyb (D:3)
  Robin (D:3)
  3 adders
  2 dart slugs (D:2)
  A ribbon worm (D:2)
  2 orcs
  3 bats
  11 endoplasms
  A giant cockroach (D:3)
  14 goblins
  A hobgoblin (D:3)
  2 quokkas (D:2)
  8 ball pythons
  4 frilled lizards
  7 kobolds
  3 rats
66 creatures vanquished.

Notes
Turn   | Place    | Note
-------+----------+-------------------------------------------
     0 | D:1      | qw the Deep Elf Hunter began the quest for the Orb.
     0 | D:1      | Reached XP level 1. HP: 12/12 MP: 3/3
     0 | D:1      | 0 ||| qw: Version: 0.3-a-157-g843a77d
     0 | D:1      | 0 ||| qw: Game counter: 3883
     0 | D:1      | 0 ||| qw: Melee chars always use a shield: true
     0 | D:1      | 0 ||| qw: God list: Okawaru
     0 | D:1      | 0 ||| qw: Allow faded altars: false
     0 | D:1      | 0 ||| qw: Do Orc after clearing Dungeon:15 true
     0 | D:1      | 0 ||| qw: Do second Lair branch before Depths: true
     0 | D:1      | 0 ||| qw: Lair rune preference: random
     0 | D:1      | 0 ||| qw: Goals: Normal
     0 | D:1      | 0 ||| PLANNING D:1-11
   386 | D:1      | Noticed a golden eye
   391 | D:1      | Noticed a shining eye
   393 | D:1      | Reached XP level 2. HP: 16/16 MP: 4/4
   393 | D:1      | Found a faded altar of an unknown god.
   414 | D:1      | Reached skill level 6 in Ranged Weapons
   583 | D:1      | Noticed a great orb of eyes
   583 | D:1      | Noticed a great orb of eyes
   708 | D:1      | 708 ||| UPGRADING to +0 ring mail.
   718 | D:1      | 718 ||| DROPPING +0 leather armour.
   719 | D:1      | 719 ||| UPGRADING to +0 helmet.
   724 | D:1      | 724 ||| READING 2 scrolls labelled TUMNU QIXTIMU.
   728 | D:1      | 728 ||| READING 2 scrolls labelled SUJ YZEORETWYE.
   728 | D:1      | 728 ||| IDENTIFYING fuming red potion
   729 | D:1      | 729 ||| READING scroll of identify.
   729 | D:1      | 729 ||| IDENTIFYING golden potion
   730 | D:1      | 730 ||| READING 3 scrolls labelled OWAMUNU KOTUK.
   731 | D:1      | 731 ||| READING scroll labelled KIN DYAVVENN.
   732 | D:1      | 732 ||| READING scroll labelled SIOM ATEROR.
   733 | D:1      | 733 ||| DROPPING scroll of butterflies.
   734 | D:1      | 734 ||| DROPPING 2 scrolls of noise.
   762 | D:2      | 762 ||| FLEEEEING.
   790 | D:2      | Reached XP level 3. HP: 20/20 MP: 5/5
  1012 | D:2      | Reached skill level 7 in Ranged Weapons
  1012 | D:2      | 1012 ||| FLEEEEING.
  1013 | D:2      | 1013 ||| FLEEEEING.
  1014 | D:2      | 1014 ||| FLEEEEING.
  1015 | D:2      | 1015 ||| FLEEEEING.
  1016 | D:2      | 1016 ||| FLEEEEING.
  1017 | D:2      | 1017 ||| FLEEEEING.
  1018 | D:2      | 1018 ||| FLEEEEING.
  1019 | D:2      | 1019 ||| FLEEEEING.
  1020 | D:2      | 1020 ||| FLEEEEING.
  1021 | D:2      | 1021 ||| FLEEEEING.
  1022 | D:2      | 1022 ||| FLEEEEING.
  1023 | D:2      | 1023 ||| FLEEEEING.
  1026 | D:2      | 1026 ||| FLEEEEING.
  1027 | D:2      | 1027 ||| FLEEEEING.
  1028 | D:2      | 1028 ||| FLEEEEING.
  1029 | D:2      | 1029 ||| FLEEEEING.
  1030 | D:2      | 1030 ||| FLEEEEING.
  1031 | D:2      | 1031 ||| FLEEEEING.
  1032 | D:2      | 1032 ||| FLEEEEING.
  1033 | D:2      | 1033 ||| FLEEEEING.
  1034 | D:2      | 1034 ||| FLEEEEING.
  1035 | D:2      | 1035 ||| FLEEEEING.
  1036 | D:2      | 1036 ||| FLEEEEING.
  1037 | D:2      | 1037 ||| FLEEEEING.
  1038 | D:2      | 1038 ||| FLEEEEING.
  1039 | D:2      | 1039 ||| FLEEEEING.
  1040 | D:2      | 1040 ||| FLEEEEING.
  1041 | D:2      | 1041 ||| FLEEEEING.
  1042 | D:2      | 1042 ||| FLEEEEING.
  1043 | D:2      | 1043 ||| FLEEEEING.
  1044 | D:2      | 1044 ||| FLEEEEING.
  1045 | D:2      | 1045 ||| FLEEEEING.
  1315 | D:2      | 1315 ||| UPGRADING to amulet of reflection.
  1320 | D:2      | 1320 ||| READING scroll of identify.
  1320 | D:2      | 1320 ||| IDENTIFYING lumpy cyan potion
  1321 | D:2      | 1321 ||| READING scroll labelled GEKOUKK VAGIMP.
  1322 | D:2      | 1322 ||| READING scroll labelled QEREHI QEULIR.
  1322 | D:2      | 1322 ||| BRANDING +0 shortbow.
  1323 | D:2      | 1323 ||| READING scroll labelled DUFAUJOETSOR.
  1324 | D:2      | 1324 ||| READING scroll labelled FIJU PIOCRYUR.
  1360 | D:2      | 1360 ||| DRINKING 4 silvery potions.
  1361 | D:2      | 1361 ||| DRINKING 2 fizzy blue potions.
  1362 | D:2      | 1362 ||| DROPPING potion of brilliance.
  1363 | D:2      | 1363 ||| DROPPING potion of attraction.
  1386 | D:3      | Noticed Robin
  1387 | D:3      | 1387 ||| STAIRDANCE
  1394 | D:3      | 1394 ||| STAIRDANCE
  1399 | D:2      | Reached XP level 4. HP: 18/25 MP: 6/6
  1428 | D:3      | 1428 ||| STAIRDANCE
  1472 | D:3      | 1472 ||| STAIRDANCE
  1503 | D:3      | Killed Robin
  1539 | D:3      | Noticed Ijyb
  1546 | D:3      | HP: 5/25 [disintegration (5)]
  1547 | D:3      | 1547 ||| READING scroll of teleportation.
  1548 | D:3      | 1548 ||| DRINKING potion of heal wounds.
  1674 | D:3      | Reached skill level 8 in Ranged Weapons
  1674 | D:3      | Reached XP level 5. HP: 29/29 MP: 7/7
  1767 | D:3      | Killed Ijyb
  1870 | D:3      | Reached skill level 9 in Ranged Weapons
  1870 | D:3      | HP: 5/29 [burnt (5)]
  1872 | D:3      | Incinerated by a bombardier beetle

Levels and vault maps discovered:
D:1:      scummos_arrival_simple_crosswalls, layout_basic,
          hellmonk_ecumenical_altar_watching_god, chequers_avenue
D:2:      layout_basic
D:3:      wander_river, layout_basic, uniq_ijyb, uniq_robin

Skill      XL: |  1  2  3  4  5 |
---------------+----------------+-----
Ranged Weapons | 6 7 8 9 |  9.1
Fighting       | |  1.5
Dodging        | |  2.4
Stealth        | |  1.2

Action                     |  1- 3 |  4- 6 || total
---------------------------+-------+-------++-------
   Fire: Shortbow          |    91 |    80 ||   171
    Use: Scroll            |    11 |     1 ||    12
         Potion            |     2 |     1 ||     3
 Armour: Ring mail         |    27 |    26 ||    53
         Leather armour    |     3 |       ||     3
  Dodge: Dodged            |    21 |    26 ||    47
  Block: Other             |     2 |     7 ||     9
         Reflection        |       |     1 ||     1

Table legend:
 A = Non-vault XP
 B = Vault XP
 C = Vault XP percentage of total XP
 D = Non-vault monster count
 E = Vault monster count
 F = Vault count percentage of total count
                 A         B        C        D         E       F
            +---------+---------+-------+---------+---------+-------
      Total |     222 |      73 |  24.7 |      53 |      13 |  19.7
            +---------+---------+-------+---------+---------+-------
        D:1 |      19 |       0 |   0.0 |      14 |       0 |   0.0
        D:2 |      75 |      19 |  20.2 |      26 |      10 |  27.8
        D:3 |     128 |      54 |  29.7 |      13 |       3 |  18.8
            +---------+---------+-------+---------+---------+-------
